 Dungeon Crawl Stone Soup version 0.32-a0-468-g38b2580584 (webtiles) character file.

Game seed: 3661802713047102946

3459 ezpacito the Chopper (level 9, -1/66 HPs)
             Began as a Demonspawn Chaos Knight on Feb 24, 2024.
             Was a Plaything of Xom.
             Slain by a steam dragon (3 damage)
             ... on level 8 of the Dungeon.
             The game lasted 00:07:52 (5672 turns).

ezpacito the Chopper (Demonspawn Chaos Knight)      Turns: 5672, Time: 00:07:52

Health: -1/66      AC: 10    Str: 20    XL:     9   Next: 78%
Magic:  13/13      EV: 20    Int: 17    God:    Xom [*.....]
Gold:   355        SH:  4    Dex: 19    Spells: 4/13 levels left

rFire   x . .        a - +0 hand axe (chaos)
rCold   . . .        H - +0 buckler {reflect}
rNeg    . . .        Q - +0 swamp dragon scales
rPois   +            E - +1 hat
rElec   .            h - +0 cloak
rCorr   .            (no gloves)
SInv    .            (no boots)
Will    .....        l - amulet of regeneration
Stlth   ++           f - +6 ring of strength
HPRegen 1.11/turn    N - +6 ring of intelligence
MPRegen 0.13/turn

%: reflection, clarity
@: agile
A: repulsion field 1, powered by pain 2, spiny 1, demonic touch 1, horns 1,
agile 1, clarity, no potion heal 1, heat vulnerability 1, MP-powered wands
a: Renounce Religion


You were on level 8 of the Dungeon.
You worshipped Xom.
You were a special plaything of Xom.
You visited 2 branches of the dungeon, and saw 9 of its levels.

You collected 379 gold pieces.
You spent 24 gold pieces at shops.

Inventory:

Hand Weapons
 a - a +0 hand axe of chaos (weapon)
 F - a +0 war axe
 G - a +2 hand axe of freezing
 J - the +10 dire flail of Vuyq {vamp, *Slow Int+4}
   (Xom gifted it to you on level 6 of the Dungeon)

   Int+4:     It affects your intelligence (+4).
   *Slow:     It may slow you when you take damage.
Missiles
 k - 8 javelins (quivered)
 n - 15 poisoned darts
 y - a curare-tipped dart
 B - 10 boomerangs
Armour
 h - a +0 cloak (worn)
 C - a +0 plate armour
 E - a +1 hat (worn)
 H - a +0 buckler of reflection (worn)
 Q - +0 swamp dragon scales (worn)
Magical Staves
 x - a staff of fire
Jewellery
 d - a ring of ice
 f - a +6 ring of strength (left hand)
 i - an amulet of guardian spirit
 l - an amulet of regeneration (around neck)
 m - a ring of fire
 N - a +6 ring of intelligence (right hand)
Talismans
 q - a serpent talisman
 s - a blade talisman
Wands
 c - a wand of polymorph (5)
 p - a wand of charming (8)
 w - a wand of flame (35)
 O - a wand of mindburst (20)
 T - a wand of roots (12)
Scrolls
 b - a scroll of summoning
 e - 3 scrolls of teleportation
 o - 2 scrolls of vulnerability
 r - a scroll of fear {unknown}
 t - a scroll of noise {unknown}
 A - 2 scrolls of poison
 I - a scroll of silence
 L - a scroll of blinking {unknown}
 M - a scroll of enchant armour {unknown}
 P - a scroll of immolation {unknown}
 R - a scroll of fog {unknown}
 S - a scroll of brand weapon {unknown}
Potions
 g - a potion of mutation
 j - 2 potions of enlightenment
 v - a potion of might
 z - a potion of attraction {unknown}
 D - 4 potions of curing
 K - 2 potions of lignification


   Skills:
 + Level 4.5 Fighting
 * Level 5.0(5.4) Axes
 + Level 2.6(4.2) Polearms
 + Level 2.4 Throwing
 * Level 4.7 Armour
 * Level 4.2 Dodging
 + Level 3.0 Stealth
 * Level 3.9 Unarmed Combat
 + Level 2.7 Spellcasting
 + Level 2.2 Conjurations
 + Level 2.5 Summonings
 * Level 4.1 Necromancy
 + Level 1.9 Air Magic
 + Level 2.2 Alchemy
 + Level 2.6 Evocations


You had 4 spell levels left.
You knew the following spells:

 Your Spells              Type           Power      Damage    Failure   Level
a - Necrotise             Necr           64%        1d7       7%          1
b - Call Imp              Summ           20%        N/A       21%         2
c - Vampiric Draining     Necr           16%        2d7       21%         3
d - Magic Dart            Conj           36%        1d4       16%         1
e - Cigotuvi's Dreadful   Necr/Alch/Air  22%        N/A       19%         2

Your spell library contained the following spells:

 Spells                   Type           Power      Damage    Failure   Level
 Call Canine Familiar     Summ           10%        N/A       38%         3
 Blink                    Tloc           4%         N/A       50%         2
 Animate Dead             Necr           16%        N/A       56%         4
 Martyr's Knell           Necr/Summ      13%        N/A       67%         4
 Sigil of Binding         Hex            2%         N/A       75%         3
 Tukima's Dance           Hex            2%         N/A       75%         3
 Ignite Poison            Fire/Alch      6%         N/A       94%         4
 Iskenderun's Mystic Bla  Conj/Tloc      6%         2d4       94%         4
 Vhi's Electric Charge    Tloc/Air       10%        N/A       95%         4
 Dimensional Bullseye     Hex/Tloc       1%         N/A       98%         4
 Curse of Agony           Necr           16%        N/A       88%         5
 Arcjolt                  Conj/Air       4%         1d14      99%         5
 Borgnjor's Vile Clutch   Necr/Erth      4%         N/A       99%         5
 Freezing Cloud           Conj/Ice/Air   3%         6-21      99%         5
 Death Channel            Necr           8%         N/A       100%        6
 Plasma Beam              Fire/Air       2%         2x1d12    100%        6


Dungeon Overview and Level Annotations

Branches:
Dungeon (8/15)             Temple (1/1) D:6
   Lair: D:8-11

Altars:
Ashenzari
Cheibriados
Dithmenos
Fedhas
Gozag
Hepliaklqana
Kikubaaqudgha
Makhleb
Nemelex Xobeh
Okawaru
Qazlal
Ru
Sif Muna
Trog
Uskayaw
Vehumet
Wu Jian
Xom
Yredelemnul

Shops:
D:2 (

Annotations:
D:3 3 runed translucent doors, Biggs's ghost, amateur DsSh; DeathSocks's ghost, amateur DsMo
D:4 1 runed translucent door, Tollund's ghost, amateur FeSh
Temple 2 transporters


Innate Abilities, Weirdness & Mutations

You are surrounded by a mild repulsion field. (EV +2)
You sometimes gain power by taking damage.
You are partially covered in sharp spines.
Your touch may inflict minor irresistible damage on your foes.
You have a pair of small horns on your head.
You are agile. (Dex +4, Str/Int -1)
You possess an exceptional clarity of mind.
Potions are less effective at restoring your health.
You are vulnerable to heat. (rF-)
You expend magic power (3 MP) to strengthen your wands.


Message History

The fungus is engulfed in a cloud of scalding steam.
A nearby fungus withers and dies. x2
The steam dragon is struck by your spines.
The steam dragon bites you. The steam dragon claws you.
You block the steam dragon's attack. The steam dragon closely misses you.
You hit the steam dragon but do no damage.
The steam dragon is heavily wounded.
You hit the fungus.
You hit the steam dragon but do no damage.
Lightning courses through the steam dragon!!
You kill the steam dragon!
You are engulfed in a cloud of scalding steam.
* * * LOW HITPOINT WARNING * * *
The fungus is engulfed in a cloud of scalding steam.
The steam dragon completely misses you.
The steam dragon claws you but does no damage.
Your Stealth skill increases to level 3!
Okay, then.
Okay, then.
It was a potion of heal wounds.
Your system partially rejects the healing.
You feel much better.
The fungus is engulfed in a cloud of scalding steam.
A nearby fungus withers and dies.
The steam dragon breathes steam at you.
The ball of steam hits you but does no damage.
You closely miss the steam dragon.
The steam dragon is heavily wounded.
You are engulfed in a cloud of scalding steam.
* * * LOW HITPOINT WARNING * * *
You focus on the pain.
You feel agile all of a sudden.
The fungus is engulfed in a cloud of scalding steam.
The fungus begins to die.
The steam dragon bites you but does no damage.
The steam dragon claws you.
* * * LOW HITPOINT WARNING * * *
Xom makes a sudden noise!
You hear a voice calling your name.
The steam dragon bites you.
You die...

.#####.###............# #.#
...........###...####.# #.#
###...#.......###.###.## #.#
#.##.##..#### #......###.#
#. #.##.###~P###.........#
## # #.##.#[PPPP~########..#
###.
#...##^....^~.§~.P#######PPP
#...#~.....D§§§§§.....PPP~P.
#.#.#P....P@~.~...^~P.......
#.#.#~~...~~#########.P~PP~.
#.#.##..~.~#. ########
.....##.~.# ## # ..... ####
......#


You could see a steam dragon (catching breath).

Vanquished Creatures
  Pikel (D:4)
  Grinder (D:3)
  A shadow (D:7)
  A wyvern (D:7)
  A steam dragon (D:8)
  2 ice beasts
  2 sky beasts (D:7)
  2 ogres (D:6)
  2 centaurs
  4 lemures (D:4)
  A phantom (D:6)
  A gnoll sergeant (D:6)
  A bullfrog (D:8)
  2 scorpions
  A howler monkey (D:6)
  3 bombardier beetles (D:5)
  2 hounds
  3 orc priests
  3 jellies
  Crazy Yiuf (D:2)
  Ijyb (D:5)
  4 iguanas
  3 orc wizards
  2 gnolls (D:6)
  12 adders
  A shadow imp (D:6)
  A white imp (D:6)
  An ufetubus (D:7)
  2 dart slugs (D:1)
  2 ribbon worms
  24 orcs
  4 endoplasms
  4 giant cockroaches (D:1)
  7 goblins
  5 hobgoblins
  A jackal (D:2)
  7 quokkas
  5 ball pythons
  5 bats
  6 frilled lizards
  9 kobolds
  6 rats
147 creatures vanquished.

Vanquished Creatures (collateral kills)
  Maggie (D:7)
  An ice beast (D:7)
  2 kobold brigands (D:7)
  A bullfrog (D:7)
  A sleepcap (D:7)
  An orc wizard (D:7)
  A gnoll (D:6)
  An adder (D:6)
  A shadow imp (D:7)
  2 kobolds (D:7)
12 creatures vanquished.

Vanquished Creatures (others)
  An orc priest (D:6)
  An orc wizard (D:6)
2 creatures vanquished.

Grand Total: 161 creatures vanquished

Notes
Turn   | Place    | Note
-------+----------+-------------------------------------------
     0 | D:1      | ezpacito the Demonspawn Chaos Knight began the quest for
                  | the Orb.
     0 | D:1      | Reached XP level 1. HP: 18/18 MP: 1/1
    53 | D:1      | Reached skill level 1 in Dodging
    89 | D:1      | Gained mutation: Your touch may inflict minor irresistible
                  | damage on your foes. [demonic ancestry]
    89 | D:1      | Reached XP level 2. HP: 24/24 MP: 2/2
   283 | D:1      | Reached skill level 3 in Axes
   292 | D:1      | XOM: divination: detect creatures
   310 | D:1      | Gained mutation: You are partially covered in sharp spines.
                  | [demonic ancestry]
   310 | D:1      | Reached XP level 3. HP: 23/29 MP: 3/3
   338 | D:1      | XOM: silly message
   403 | D:1      | Found a faded altar of an unknown god.
   404 | D:1      | XOM: give mutations
   404 | D:1      | Gained mutation: You have a pair of small horns on your
                  | head. [Xom's grace]
   404 | D:1      | Gained mutation: You expend magic power (3 MP) to
                  | strengthen your wands. [Xom's grace]
   404 | D:1      | Gained mutation: Your muscles are strong. (Str +4, Int/Dex
                  | -1) [Xom's grace]
   776 | D:2      | Learned a level 1 spell: Necrotise
   914 | D:2      | Found Hafo's Weapon Shop.
   921 | D:2      | Bought 4 poisoned darts for 24 gold pieces
  1068 | D:2      | Found a runed translucent door.
  1069 | D:2      | Noticed Crazy Yiuf
  1309 | D:2      | Killed Crazy Yiuf
  1310 | D:2      | Gained mutation: You are surrounded by a mild repulsion
                  | field. (EV +2) [demonic ancestry]
  1310 | D:2      | Reached XP level 4. HP: 35/35 MP: 5/5
  1447 | D:3      | Noticed Grinder
  1453 | D:3      | Reached skill level 1 in Unarmed Combat
  1453 | D:3      | XOM: smoke on damage
  1454 | D:3      | XOM: destruction
  1457 | D:3      | Reached skill level 1 in Spellcasting
  1457 | D:3      | Reached XP level 5. HP: 38/41 MP: 6/6
  1461 | D:3      | Killed Grinder
  1462 | D:3      | Reached skill level 1 in Stealth
  1574 | D:3      | Learned a level 2 spell: Call Imp
  1578 | D:3      | Learned a level 3 spell: Vampiric Draining
  1732 | D:3      | Found a runed translucent gate.
  1732 | D:3      | Found a runed translucent gate.
  1733 | D:3      | Found a runed translucent gate.
  1734 | D:3      | Noticed Biggs's ghost (amateur DsSh)
  1734 | D:3      | Noticed DeathSocks's ghost (amateur DsMo)
  1790 | D:3      | Found a basalt altar of Yredelemnul.
  1799 | D:3      | Found a shadowy altar of Dithmenos.
  1902 | D:3      | Reached XP level 6. HP: 47/47 MP: 7/7
  2124 | D:4      | Found a bloodstained altar of Trog.
  2129 | D:4      | Found a shimmering blue altar of Sif Muna.
  2160 | D:4      | Noticed Pikel
  2181 | D:4      | XOM: blink monster(s)
  2184 | D:4      | XOM: blink monster(s)
  2198 | D:4      | XOM: enchant monster (bad)
  2210 | D:4      | Killed Pikel
  2211 | D:4      | Reached skill level 1 in Polearms
  2211 | D:4      | Reached skill level 1 in Throwing
  2211 | D:4      | Reached skill level 1 in Necromancy
  2211 | D:4      | Gained mutation: You sometimes gain a little power by
                  | taking damage. [demonic ancestry]
  2211 | D:4      | Reached XP level 7. HP: 40/53 MP: 7/9
  2342 | D:4      | Learned a level 1 spell: Magic Dart
  2345 | D:4      | Learned a level 2 spell: Cigotuvi's Dreadful Rot
  2426 | D:4      | Found a runed translucent door.
  2429 | D:4      | Noticed Tollund's ghost (amateur FeSh)
  2727 | D:4      | XOM: give mutations
  2727 | D:4      | Lost mutation: Your muscles are strong. (Str +4, Int/Dex
                  | -1) [Xom's mischief]
  2727 | D:4      | Gained mutation: You have large cloven feet. [Xom's
                  | mischief]
  2727 | D:4      | Gained mutation: You are weak. (Str -2) [Xom's mischief]
  2727 | D:4      | Gained mutation: Potions are less effective at restoring
                  | your health. [Xom's mischief]
  2856 | D:5      | Entered Level 5 of the Dungeon
  2861 | D:5      | Noticed Ijyb
  2874 | D:5      | Killed Ijyb
  2897 | D:5      | Reached skill level 4 in Axes
  2897 | D:5      | Reached skill level 1 in Summonings
  2897 | D:5      | Reached skill level 1 in Evocations
  2926 | D:5      | XOM: noise
  3181 | D:5      | XOM: noise
  3368 | D:6      | Lost mutation: You have large cloven feet. [potion of
                  | mutation]
  3368 | D:6      | Lost mutation: You are weak. (Str -2) [potion of mutation]
  3368 | D:6      | Gained mutation: You are vulnerable to heat. (rF-) [potion
                  | of mutation]
  3368 | D:6      | Gained mutation: You possess an exceptional clarity of
                  | mind. [potion of mutation]
  3368 | D:6      | Gained mutation: You are agile. (Dex +4, Str/Int -1)
                  | [potion of mutation]
  3477 | D:6      | Reached XP level 8. HP: 60/60 MP: 10/10
  3975 | D:6      | XOM: divine lightning
  3980 | D:6      | XOM: enchant monster (good)
  3982 | D:6      | Reached skill level 1 in Conjurations
  3992 | D:6      | Reached skill level 1 in Air Magic
  3993 | D:6      | Reached skill level 1 in Alchemy
  4057 | D:6      | Identified the +10 dire flail of Vuyq {vamp, *Slow Int+4}
                  | (Xom gifted it to you on level 6 of the Dungeon)
  4057 | D:6      | XOM: god gift: +10 dire flail of Vuyq {vamp, *Slow Int+4}
  4112 | D:6      | Found a staircase to the Ecumenical Temple.
  4196 | Temple   | Found a transporter.
  4196 | Temple   | Found a transporter.
  4196 | Temple   | Found a transporter.
  4196 | Temple   | Found a transporter.
  4196 | Temple   | Entered the Ecumenical Temple
  4843 | D:7      | Found an ornate altar of the Wu Jian Council.
  4911 | D:7      | XOM: summons 3 friendly demons
  4922 | D:7      | Gained mutation: You sometimes gain power by taking damage.
                  | [demonic ancestry]
  4922 | D:7      | Reached XP level 9. HP: 41/65 MP: 12/12
  5159 | D:7      | Noticed Maggie
  5171 | D:7      | Killed Maggie
  5458 | D:8      | Reached skill level 5 in Axes
  5671 | D:8      | HP: 1/66 [steam dragon (5)]
  5672 | D:8      | XOM: noise
  5672 | D:8      | Slain by a steam dragon

Illustrated notes

Levels and vault maps discovered:
D:1:      ncdulo_halloftheorcs, layout_rooms,
          shapermc_ecumenical_altar_mp_vishouse
D:2:      layout_basic, serial_shops, shop, uniq_crazy_yiuf_cottage
D:3:      layout_basic, mainiacjoe_overflow_swirl, gammafunk_ghost_cemetery,
          uniq_grinder
D:4:      layout_basic, hellmonk_overflow_destroyed_library,
          ebering_ghost_sewer_d, kennysheep_nondescript, kennysheep_path_1,
          uniq_pikel
D:5:      layout_cave_pools, uniq_ijyb
D:6:      layout_layer_cave, minmay_temple_entry_trees, grunt_potential
D:7:      kennysheep_spiral_hall, layout_rooms, nzn_wu_jian_contemplation,
          uniq_maggie
D:8:      kennysheep_steamy, layout_loops_ring, uniq_psyche
Temple:   hellmonk_temple_divided_pantheon

Skill      XL: |  1  2  3  4  5  6  7  8  9 |
---------------+----------------------------+-----
Dodging        | 1 2 3 4 |  4.2
Armour         | 2 3 4 |  4.7
Axes           | 3 4 5 |  5.0
Unarmed Combat | 1 2 3 |  3.9
Spellcasting   | 1 2 |  2.7
Stealth        | 1 2 3 |  3.0
Polearms       | 1 2 |  2.6
Throwing       | 1 2 |  2.4
Necromancy     | 1 2 3 4 |  4.1
Summonings     | 1 2 |  2.5
Evocations     | 1 2 |  2.6
Fighting       | 4 |  4.5
Conjurations   | 1 2 |  2.2
Air Magic      | 1 |  1.9
Alchemy        | 1 2 |  2.2

Action                     |  1- 3 |  4- 6 |  7- 9 || total
---------------------------+-------+-------+-------++-------
  Melee: Hand axe          |    93 |    51 |   176 ||   320
         Touch             |     9 |     6 |    14 ||    29
         Headbutt          |     4 |     7 |    41 ||    52
         Kick              |       |       |    14 ||    14
   Cast: Necrotise         |       |       |     2 ||     2
    Use: Potion            |     1 |       |     2 ||     3
         Scroll            |       |     5 |     7 ||    12
   Stab: Confused          |     1 |     1 |     2 ||     4
         Sleeping          |       |       |     7 ||     7
         Distracted        |       |       |     1 ||     1
 Armour: Leather armour    |    42 |    23 |    75 ||   140
         Skin              |       |    23 |       ||    23
         Swamp dragon scal |       |       |    30 ||    30
  Dodge: Dodged            |    40 |    32 |   125 ||   197
  Block: Buckler           |       |       |    22 ||    22

Table legend: (Time is in decaauts)
 A = Elapsed time spent in this place.
 B = Non-inter-level travel time spent in this place.
 C = Inter-level travel time spent in this place.
 D = Time resting spent in this place.
 E = Time spent auto-exploring this place.
 F = Levels seen in this place.
 G = Mean time per level.
                   A        B        C        D        E       F      G
               +--------+--------+--------+--------+--------+-----+--------+
         Total |   5706 |   5365 |    341 |      0 |   4311 |   9 |  634.0 |
       Dungeon |   5705 |   5364 |    341 |      0 |   4311 |   8 |  713.1 |
        Temple |      1 |      1 |      0 |      0 |      0 |   1 |    1.0 |
               +--------+--------+--------+--------+--------+-----+--------+

Top non-repeatable levels by time:
     D:6: 1428 daAuts
     D:4: 863 daAuts
     D:2: 756 daAuts
     D:7: 653 daAuts
     D:3: 644 daAuts
     D:1: 611 daAuts
     D:5: 510 daAuts
     D:8: 236 daAuts
  Temple: 1 daAuts
